 Dungeon Crawl Stone Soup version 0.26-a0-962-g9b92081034 (webtiles) character file.

Game seed: 1917334084093070220

14 Dracia the Vexing (level 2, -1/21 HPs)
             Began as a Demonspawn Arcane Marksman on Dec 2, 2020.
             Slain by a hobgoblin
             ... wielding a +0 club
              (2 damage)
             ... on level 1 of the Dungeon.
             The game lasted 00:01:26 (755 turns).

Dracia the Vexing (Demonspawn Arcane Marksman)       Turns: 755, Time: 00:01:27

Health: -1/21      AC:  3    Str: 10    XL:     2   Next: 31%
Magic:  3/3        EV: 12    Int: 14    God:
Gold:   82         SH:  0    Dex: 13    Spells: 2/3 levels left

rFire    . . .     SeeInvis .   a - +0 shortbow
rCold    . . .     Faith    .   (shield currently unavailable)
rNeg     . . .     Spirit   .   e - +0 robe
rPois    .         Reflect  .   m - +0 helmet
rElec    .         Harm     .   (no cloak)
rCorr    .         Rampage  .   (no gloves)
MR       .....                  (no boots)
Stlth    +.........             (no amulet)
HPRegen  0.07/turn              (no ring)
MPRegen  0.08/turn              (no ring)

@: no status effects
A: demonic guardian 1
a: no special abilities


You were on level 1 of the Dungeon.
You visited 1 branch of the dungeon, and saw 1 of its levels.

You collected 82 gold pieces.


Innate Abilities, Weirdness & Mutations

A weak demonic guardian rushes to your aid.


   Skills:
 - Level 1.0 Fighting
 + Level 2.3 Bows
 - Level 1.7 Dodging
 - Level 1.0 Spellcasting
 + Level 3.4 Hexes


You had 2 spell levels left.
You knew the following spells:

 Your Spells              Type           Power        Failure   Level
a - Corona                Hex            ##.....      7%          1

Your spell library contained the following spells:

 Spells                   Type           Power        Failure   Level
 Slow                     Hex            ##......     10%         2
 Inner Flame              Hex/Fire       #.......     36%         3
 Portal Projectile        Hex/Tloc       #.....       36%         3
 Cause Fear               Hex            ##........   54%         4
 Leda's Liquefaction      Hex/Erth       #.........   78%         4

Inventory:

Hand Weapons
 a - a +0 shortbow (weapon)
Armour
 e - a +0 robe (worn)
 m - a +0 helmet (worn)
Scrolls
 b - a scroll of noise {unknown}
 c - a scroll of fog {unknown}
 h - 3 scrolls of teleportation {unknown}
 l - a scroll of amnesia {unknown}
 n - a scroll of blinking {unknown}
 o - a scroll of remove curse {unknown}
Potions
 f - a potion of ambrosia {unknown}
 g - a potion of attraction {unknown}
 i - 2 potions of brilliance {unknown}
 j - 2 potions of lignification {unknown}
 k - a potion of magic {unknown}

Dungeon Overview and Level Annotations

Branches:
Dungeon (1/15)

Altars:

#..........................'..
##.#......###########......###
#.##################......# #
#.# #...........#......# # #.#
#...........#......# #
#.######...........#.###### #
#>.....(...........#.# #
#.#####............#.# # #.#
##...g@......#.# # # #.#
#.###########.# # #.# #.# #.#
# #.# #.## #.######## #.# #..#
#......... #.# ##.# #.........
#####.# #.# #......... ......#
#.# #.........
####.########.## #.########


You could see a hobgoblin.


Message History

Really attack while wielding your +0 shortbow? [Y]es or [N]o only, please.
Really attack while wielding your +0 shortbow?
You clumsily bash the hobgoblin but do no damage.
The hobgoblin hits you with a +0 club.
* * * LOW HITPOINT WARNING * * *
The hobgoblin closely misses you.
You clumsily bash the hobgoblin but do no damage.
The hobgoblin barely misses you.
You closely miss the hobgoblin. The hobgoblin closely misses you.
You barely miss the hobgoblin. The hobgoblin hits you with a +0 club.
* * * LOW HITPOINT WARNING * * *
The hobgoblin barely misses you.
You barely miss the hobgoblin. The hobgoblin closely misses you.
You clumsily bash the hobgoblin but do no damage.
The hobgoblin hits you with a +0 club.
* * * LOW HITPOINT WARNING * * *
You barely miss the hobgoblin.
The hobgoblin hits you but does no damage.
The hobgoblin misses you.
You barely miss the hobgoblin. The hobgoblin hits you with a +0 club.
* * * LOW HITPOINT WARNING * * *
You clumsily bash the hobgoblin but do no damage.
The hobgoblin hits you with a +0 club.
* * * LOW HITPOINT WARNING * * *
You barely miss the hobgoblin.
The hobgoblin hits you but does no damage.
The hobgoblin barely misses you.
You closely miss the hobgoblin. The hobgoblin hits you with a +0 club.
You die...

Skill      XL: |  1 |
---------------+----+-----
Bows           | 2 |  2.3
Fighting       | |  1.0
Dodging        | |  1.7
Spellcasting   | |  1.0
Hexes          | |  3.4

Action                   || total
-------------------------++-------
Melee: Shortbow          ||    11
 Fire: Shortbow          ||    35
Armor: Robe              ||     2
Dodge: Dodged            ||    19

Levels and vault maps discovered:
D:1:      dpeg_arrival_shrine, layout_basic, st_stairs_14, minmay_pentomino_z4

Notes
Turn   | Place    | Note
-------+----------+-------------------------------------------
     0 | D:1      | Dracia the Demonspawn Arcane Marksman began the quest for
                  | the Orb.
     0 | D:1      | Reached XP level 1. HP: 15/15 MP: 2/2
    95 | D:1      | Reached skill level 2 in Bows
   615 | D:1      | Gained mutation: A weak demonic guardian rushes to your
                  | aid. [demonic ancestry]
   615 | D:1      | Reached XP level 2. HP: 15/21 MP: 3/3
   753 | D:1      | HP: 1/21 [hobgoblin/+0 club (2)]
   755 | D:1      | Slain by a hobgoblin

Vanquished Creatures
  A dart slug (D:1)
  3 leopard geckos (D:1)
  A giant cockroach (D:1)
  2 goblins (D:1)
  A kobold (D:1)
  A rat (D:1)
9 creatures vanquished.

Table legend: (Time is in decaauts)
 A = Elapsed time spent in this place.
 B = Non-inter-level travel time spent in this place.
 C = Inter-level travel time spent in this place.
 D = Time resting spent in this place.
 E = Time spent auto-exploring this place.
 F = Levels seen in this place.
 G = Mean time per level.
                   A        B        C        D        E       F      G
               +--------+--------+--------+--------+--------+-----+--------+
         Total |    767 |    767 |      0 |      0 |    642 |   1 |  767.0 |
       Dungeon |    767 |    767 |      0 |      0 |    642 |   1 |  767.0 |
               +--------+--------+--------+--------+--------+-----+--------+

Top non-repeatable levels by time:
     D:1: 767 daAuts

Table legend:
 A = Non-vault XP
 B = Vault XP
 C = Vault XP percentage of total XP
 D = Non-vault monster count
 E = Vault monster count
 F = Vault count percentage of total count
                 A         B        C        D         E       F
            +---------+---------+-------+---------+---------+-------
      Total |       9 |      12 |  57.1 |       5 |       4 |  44.4
            +---------+---------+-------+---------+---------+-------
        D:1 |       9 |      12 |  57.1 |       5 |       4 |  44.4
            +---------+---------+-------+---------+---------+-------
